 Dungeon Crawl Stone Soup version 0.29.0-4-gdea44cf6ec (webtiles) character file.

Game seed: 4728263621563465323

990 qw the Cleaver (level 8, -5/48 HPs)
             Began as a Tengu Warper on Aug 28, 2022.
             Was an Initiate of Okawaru.
             Slain by Duvessa
             ... wielding a +0 short sword
              (12 damage)
             ... on level 5 of the Dungeon.
             The game lasted 00:00:56 (7427 turns).

qw the Cleaver (Tengu Warper)                       Turns: 7427, Time: 00:00:57

Health: -5/48      AC:  8    Str: 17 (19) XL:     8   Next: 18%
Magic:  12/12      EV: 12    Int: 13 (15) God:    Okawaru [......]
Gold:   215        SH:  0    Dex: 11 (13) Spells: 11/11 levels left

rFire   . . .      SeeInvis .   Y - +2 hand axe
rCold   . . .      Faith    .   (no shield)
rNeg    + . .      Spirit   .   d - +0 scale mail {rN+}
rPois   .          Reflect  .   (helmet restricted)
rElec   .          Harm     .   (no cloak)
rCorr   .          Rampage  .   (no gloves)
Will    .....                   (boots unavailable)
Stlth   ..........              (no amulet)
HPRegen 0.96/turn               a - +6 ring of strength
MPRegen 0.13/turn               (no ring)

@: about to teleport, flying quickly and evasively, quick
A: beak, talons 3, nimble flight, iridescent scales 1, regeneration 1, wild
magic 1
a: Renounce Religion


You were on level 5 of the Dungeon.
You worshipped Okawaru.
Okawaru was noncommittal.
You visited 2 branches of the dungeon, and saw 6 of its levels.

You collected 215 gold pieces.


Innate Abilities, Weirdness & Mutations

You have a beak for a mouth.
You have claws for feet.
Your magical nature lets you fly swiftly and evasively.
You are partially covered in iridescent scales. (AC +2)
Your natural rate of healing is unusually fast.
Your spells are a little harder to cast, but a little more powerful.


   Skills:
 + Level 3.9 Fighting
 - Level 9.1 Axes
 - Level 1.0 Throwing
 - Level 1.1 Armour
 - Level 3.4 Dodging
 - Level 2.0 Spellcasting
 - Level 2.4 Translocations
 - Level 0.8 Invocations


You had 11 spell levels left.
You didn't know any spells.
Your spell library contained the following spells:

 Spells                   Type           Power      Damage    Failure   Level
 Blink                    Tloc           18%        N/A       54%         2
 Gell's Gravitas          Tloc           9%         N/A       78%         3
 Lesser Beckoning         Tloc           9%         N/A       78%         3
 Teleport Other           Tloc           9%         N/A       78%         3
 Manifold Assault         Tloc           9%         N/A       100%        5

Inventory:

Hand Weapons
 h - a +2 flail of holy wrath
 Y - a +2 hand axe (weapon)
Armour
 d - a +0 scale mail of positive energy (worn)
Jewellery
 a - a +6 ring of strength (left hand)
Scrolls
 c - 4 scrolls of enchant armour
 m - a scroll of teleportation
 p - a scroll of identify
Potions
 b - a potion of heal wounds
 e - 2 potions of cancellation
 g - 4 potions of curing
 i - a potion of magic {unknown}
 k - 2 potions of mutation
 l - a potion of invisibility {unknown}
 n - a potion of resistance {unknown}

Dungeon Overview and Level Annotations

Branches:
Dungeon (5/15)             Temple (1/1) D:4

Altars:
Ashenzari
Cheibriados
Dithmenos
Elyvilon
Fedhas
Gozag
Hepliaklqana
Kikubaaqudgha
Makhleb
Nemelex Xobeh
Okawaru
Qazlal
Ru
Sif Muna
Trog
Uskayaw
Vehumet
Wu Jian
Xom
Yredelemnul
Zin
The Shining One

Annotations:
D:3 4 runed translucent doors, Crazy Yiuf; qw's ghost, amateur TeWr
D:5 Duvessa


Message History

Dowan is almost dead.
You hit Duvessa. Dowan hits you but does no damage. Duvessa closely misses you.
You barely miss Dowan.
Dowan is almost dead.
You hit Duvessa. Dowan gestures at you while chanting.
The puff of frost hits you! Duvessa hits you but does no damage.
You barely miss Dowan. Your kick misses Dowan.
Dowan is almost dead.
You hit Duvessa but do no damage. Dowan hits you with a +0 dagger.
Duvessa barely misses you.
You hit Dowan but do no damage. Your kick misses Dowan.
Dowan is almost dead.
You hit Duvessa.
Dowan gestures at Duvessa while chanting.
Duvessa seems to speed up.
Duvessa completely misses you.
You slash Dowan!
You kill Dowan!
Okawaru accepts your kill.
Duvessa screams, "No!
How DARE you!"
Duvessa goes berserk!
You hit Duvessa but do no damage. Duvessa hits you with a +0 short sword.
You hit Duvessa but do no damage. You claw Duvessa, but do no damage.
Duvessa is moderately wounded.
Duvessa hits you with a +0 short sword.
You slash Duvessa! Your peck misses Duvessa.
Duvessa is heavily wounded.
Duvessa misses you.
You hit Duvessa but do no damage.
Duvessa is heavily wounded.
Duvessa hits you with a +0 short sword!
You hit Duvessa but do no damage.
Duvessa is heavily wounded.
Duvessa closely misses you. Duvessa hits you with a +0 short sword!
7427 ||| READING 2 scrolls of teleportation.
As you read the scroll of teleportation, it crumbles to dust.
You feel strangely unstable. Duvessa hits you with a +0 short sword!
You die...

#.#.#.### #.#
#.......# #.#
........# #.#
........# #.#
........# #.#
##......# #.#
........####.#
#....)@'....#
#....e.####.#
......### ##.#
###########..#
............##
.........#.##
###.#########....####
+........##..........
###.####....####.####


You could see Duvessa (berserk, fast).

Vanquished Creatures
  Sigmund (D:3)
  2 black bears (D:4)
  An ice beast (D:3)
  Dowan (D:5)
  A hound (D:2)
  An orc priest (D:3)
  Jessica (D:2)
  A gnoll bouda (D:4)
  Terence (D:2)
  Ijyb (D:4)
  Natasha (thrice) (D:2)
  An orc wizard (D:3)
  A gnoll (D:2)
  11 adders
  4 worms
  5 dart slugs
  12 orcs
  7 bats
  6 endoplasms
  6 giant cockroaches
  2 goblins
  10 hobgoblins
  10 jackals
  4 quokkas
  18 ball pythons
  5 frilled lizards
  14 kobolds
  5 rats
135 creatures vanquished.

Notes
Turn   | Place    | Note
-------+----------+-------------------------------------------
     0 | D:1      | qw the Tengu Warper began the quest for the Orb.
     0 | D:1      | Reached XP level 1. HP: 12/12 MP: 4/4
     0 | D:1      | 0 ||| qw: Version: 0.1-a-89-g26bdef1
     0 | D:1      | 0 ||| qw: Game counter: 800
     0 | D:1      | 0 ||| qw: Always use a shield: true
     0 | D:1      | 0 ||| qw: God list: Okawaru
     0 | D:1      | 0 ||| qw: Allow faded altars: false
     0 | D:1      | 0 ||| qw: Do Orc after D:15 true
     0 | D:1      | 0 ||| qw: Do second Lair branch before Depths: true
     0 | D:1      | 0 ||| qw: Lair rune preference: random
     0 | D:1      | 0 ||| qw: Plans: Normal
     0 | D:1      | 0 ||| PLANNING D:1-11
   181 | D:1      | Reached skill level 3 in Axes
   181 | D:1      | Reached XP level 2. HP: 13/17 MP: 6/6
   265 | D:1      | 265 ||| Stepping ~*~*~tactically~*~*~ (stealth).
   266 | D:1      | 266 ||| Stepping ~*~*~tactically~*~*~ (stealth).
   271 | D:1      | 271 ||| Stepping ~*~*~tactically~*~*~ (stealth).
   272 | D:1      | 272 ||| Stepping ~*~*~tactically~*~*~ (stealth).
   667 | D:1      | Reached XP level 3. HP: 21/21 MP: 7/7
  1097 | D:1      | 1097 ||| UPGRADING to +0 ring mail.
  1107 | D:1      | 1107 ||| DROPPING +0 leather armour.
  1108 | D:1      | 1108 ||| UPGRADING to +0 scale mail.
  1118 | D:1      | 1118 ||| DROPPING +0 ring mail.
  1119 | D:1      | 1119 ||| READING scroll labelled BYPUVIU LURO.
  1120 | D:1      | 1120 ||| READING scroll labelled GUROYN WE LOMM.
  1121 | D:1      | 1121 ||| READING 2 scrolls labelled YQYEFOUHOZ.
  1122 | D:1      | 1122 ||| DRINKING 2 grey potions.
  1123 | D:1      | 1123 ||| DROPPING scroll of blinking.
  1272 | D:2      | Reached skill level 4 in Axes
  1400 | D:2      | 1400 ||| Stepping randomly (stuck).
  1459 | D:2      | 1459 ||| Stepping randomly (stuck).
  1461 | D:2      | 1461 ||| Stepping randomly (stuck).
  1486 | D:2      | HP: 5/21 [poisoned by an adder]
  1790 | D:2      | Noticed Natasha
  1791 | D:2      | 1791 ||| Stepping randomly (stuck).
  1792 | D:2      | 1792 ||| Stepping randomly (stuck).
  1793 | D:2      | 1793 ||| Stepping randomly (stuck).
  1794 | D:2      | 1794 ||| Stepping randomly (stuck).
  1795 | D:2      | 1795 ||| Stepping randomly (stuck).
  1796 | D:2      | 1796 ||| Stepping randomly (stuck).
  1797 | D:2      | 1797 ||| Stepping randomly (stuck).
  1798 | D:2      | 1798 ||| Stepping randomly (stuck).
  1799 | D:2      | 1799 ||| Stepping randomly (stuck).
  1800 | D:2      | 1800 ||| Stepping randomly (stuck).
  1801 | D:2      | 1801 ||| Stepping randomly (stuck).
  1802 | D:2      | 1802 ||| Stepping randomly (stuck).
  1803 | D:2      | 1803 ||| Stepping randomly (stuck).
  1804 | D:2      | 1804 ||| Stepping randomly (stuck).
  1805 | D:2      | 1805 ||| Stepping randomly (stuck).
  1806 | D:2      | 1806 ||| Stepping randomly (stuck).
  1807 | D:2      | 1807 ||| Stepping randomly (stuck).
  1808 | D:2      | 1808 ||| Stepping randomly (stuck).
  1809 | D:2      | 1809 ||| Stepping randomly (stuck).
  1810 | D:2      | 1810 ||| Stepping randomly (stuck).
  1811 | D:2      | 1811 ||| Stepping randomly (stuck).
  1812 | D:2      | 1812 ||| Stepping randomly (stuck).
  1813 | D:2      | 1813 ||| Stepping randomly (stuck).
  1814 | D:2      | 1814 ||| Stepping randomly (stuck).
  1815 | D:2      | 1815 ||| Stepping randomly (stuck).
  1827 | D:2      | 1827 ||| Stepping randomly (stuck).
  1828 | D:2      | 1828 ||| Stepping randomly (stuck).
  1829 | D:2      | 1829 ||| Stepping randomly (stuck).
  1830 | D:2      | 1830 ||| Stepping randomly (stuck).
  1831 | D:2      | 1831 ||| Stepping randomly (stuck).
  1832 | D:2      | 1832 ||| Stepping randomly (stuck).
  1833 | D:2      | 1833 ||| Stepping randomly (stuck).
  1834 | D:2      | 1834 ||| Stepping randomly (stuck).
  1835 | D:2      | 1835 ||| Stepping randomly (stuck).
  1836 | D:2      | 1836 ||| Stepping randomly (stuck).
  1837 | D:2      | 1837 ||| Stepping randomly (stuck).
  1838 | D:2      | 1838 ||| Stepping randomly (stuck).
  1839 | D:2      | 1839 ||| Stepping randomly (stuck).
  1840 | D:2      | 1840 ||| Stepping randomly (stuck).
  1841 | D:2      | 1841 ||| Stepping randomly (stuck).
  1842 | D:2      | 1842 ||| Stepping randomly (stuck).
  1843 | D:2      | 1843 ||| Stepping randomly (stuck).
  1844 | D:2      | 1844 ||| Stepping randomly (stuck).
  1845 | D:2      | 1845 ||| Stepping randomly (stuck).
  1846 | D:2      | 1846 ||| Stepping randomly (stuck).
  1847 | D:2      | 1847 ||| Stepping randomly (stuck).
  1848 | D:2      | 1848 ||| Stepping randomly (stuck).
  1849 | D:2      | 1849 ||| Stepping randomly (stuck).
  1850 | D:2      | 1850 ||| Stepping randomly (stuck).
  1851 | D:2      | 1851 ||| Stepping randomly (stuck).
  1852 | D:2      | 1852 ||| Stepping randomly (stuck).
  1853 | D:2      | 1853 ||| Stepping randomly (stuck).
  1854 | D:2      | 1854 ||| Stepping randomly (stuck).
  1855 | D:2      | 1855 ||| Stepping randomly (stuck).
  1856 | D:2      | 1856 ||| Stepping randomly (stuck).
  1857 | D:2      | 1857 ||| Stepping randomly (stuck).
  1858 | D:2      | 1858 ||| Stepping randomly (stuck).
  1859 | D:2      | 1859 ||| Stepping randomly (stuck).
  1860 | D:2      | 1860 ||| Stepping randomly (stuck).
  1861 | D:2      | 1861 ||| Stepping randomly (stuck).
  1862 | D:2      | 1862 ||| Stepping randomly (stuck).
  1863 | D:2      | 1863 ||| Stepping randomly (stuck).
  1864 | D:2      | 1864 ||| Stepping randomly (stuck).
  1865 | D:2      | 1865 ||| Stepping randomly (stuck).
  1866 | D:2      | 1866 ||| Stepping randomly (stuck).
  1867 | D:2      | 1867 ||| Stepping randomly (stuck).
  1868 | D:2      | 1868 ||| Stepping randomly (stuck).
  1869 | D:2      | 1869 ||| Stepping randomly (stuck).
  1870 | D:2      | 1870 ||| Stepping randomly (stuck).
  1871 | D:2      | 1871 ||| Stepping randomly (stuck).
  1872 | D:2      | 1872 ||| Stepping randomly (stuck).
  1873 | D:2      | 1873 ||| Stepping randomly (stuck).
  1874 | D:2      | 1874 ||| Stepping randomly (stuck).
  1875 | D:2      | 1875 ||| Stepping randomly (stuck).
  1876 | D:2      | 1876 ||| Stepping randomly (stuck).
  1877 | D:2      | 1877 ||| Stepping randomly (stuck).
  1878 | D:2      | 1878 ||| Stepping randomly (stuck).
  1879 | D:2      | 1879 ||| Stepping randomly (stuck).
  1880 | D:2      | 1880 ||| Stepping randomly (stuck).
  1881 | D:2      | 1881 ||| Stepping randomly (stuck).
  1882 | D:2      | 1882 ||| Stepping randomly (stuck).
  1883 | D:2      | 1883 ||| Stepping randomly (stuck).
  1884 | D:2      | 1884 ||| Stepping randomly (stuck).
  1885 | D:2      | 1885 ||| Stepping randomly (stuck).
  1886 | D:2      | 1886 ||| Stepping randomly (stuck).
  1887 | D:2      | 1887 ||| Stepping randomly (stuck).
  1888 | D:2      | 1888 ||| Stepping randomly (stuck).
  1889 | D:2      | 1889 ||| Stepping randomly (stuck).
  1890 | D:2      | 1890 ||| Stepping randomly (stuck).
  1891 | D:2      | 1891 ||| Stepping randomly (stuck).
  1892 | D:2      | 1892 ||| Stepping randomly (stuck).
  1893 | D:2      | 1893 ||| Stepping randomly (stuck).
  1894 | D:2      | 1894 ||| Stepping randomly (stuck).
  1895 | D:2      | 1895 ||| Stepping randomly (stuck).
  1896 | D:2      | 1896 ||| Stepping randomly (stuck).
  1897 | D:2      | 1897 ||| Stepping randomly (stuck).
  1898 | D:2      | 1898 ||| Stepping randomly (stuck).
  1899 | D:2      | 1899 ||| Stepping randomly (stuck).
  1900 | D:2      | 1900 ||| Stepping randomly (stuck).
  1921 | D:2      | Noticed Jessica
  1926 | D:2      | 1926 ||| Stepping ~*~*~tactically~*~*~ (hiding).
  1932 | D:2      | Killed Jessica
  1933 | D:2      | Reached skill level 5 in Axes
  1933 | D:2      | Reached XP level 4. HP: 26/26 MP: 8/8
  2018 | D:2      | 2018 ||| Stepping ~*~*~tactically~*~*~ (stealth).
  2021 | D:2      | 2021 ||| Stepping ~*~*~tactically~*~*~ (hiding).
  2021 | D:2      | Found a faded altar of an unknown god.
  2259 | D:2      | 2259 ||| READING 2 scrolls of identify.
  2259 | D:2      | 2259 ||| IDENTIFYING bubbling emerald potion
  2260 | D:2      | 2260 ||| DROPPING potion of attraction.
  2261 | D:2      | 2261 ||| Stepping randomly (stuck).
  2262 | D:2      | 2262 ||| Stepping randomly (stuck).
  2263 | D:2      | 2263 ||| Stepping randomly (stuck).
  2264 | D:2      | 2264 ||| Stepping randomly (stuck).
  2265 | D:2      | 2265 ||| Stepping randomly (stuck).
  2266 | D:2      | 2266 ||| Stepping randomly (stuck).
  2267 | D:2      | 2267 ||| Stepping randomly (stuck).
  2268 | D:2      | 2268 ||| Stepping randomly (stuck).
  2269 | D:2      | 2269 ||| Stepping randomly (stuck).
  2270 | D:2      | 2270 ||| Stepping randomly (stuck).
  2271 | D:2      | 2271 ||| Stepping randomly (stuck).
  2272 | D:2      | 2272 ||| Stepping randomly (stuck).
  2273 | D:2      | 2273 ||| Stepping randomly (stuck).
  2274 | D:2      | 2274 ||| Stepping randomly (stuck).
  2275 | D:2      | 2275 ||| Stepping randomly (stuck).
  2276 | D:2      | 2276 ||| Stepping randomly (stuck).
  2277 | D:2      | 2277 ||| Stepping randomly (stuck).
  2278 | D:2      | 2278 ||| Stepping randomly (stuck).
  2279 | D:2      | 2279 ||| Stepping randomly (stuck).
  2280 | D:2      | 2280 ||| Stepping randomly (stuck).
  2281 | D:2      | 2281 ||| Stepping randomly (stuck).
  2282 | D:2      | 2282 ||| Stepping randomly (stuck).
  2283 | D:2      | 2283 ||| Stepping randomly (stuck).
  2286 | D:2      | 2286 ||| Stepping randomly (stuck).
  2287 | D:2      | 2287 ||| Stepping randomly (stuck).
  2290 | D:2      | 2290 ||| Stepping randomly (stuck).
  2291 | D:2      | 2291 ||| Stepping randomly (stuck).
  2294 | D:2      | 2294 ||| Stepping randomly (stuck).
  2295 | D:2      | 2295 ||| Stepping randomly (stuck).
  2296 | D:2      | 2296 ||| Stepping randomly (stuck).
  2297 | D:2      | 2297 ||| Stepping randomly (stuck).
  2298 | D:2      | 2298 ||| Stepping randomly (stuck).
  2299 | D:2      | 2299 ||| Stepping randomly (stuck).
  2300 | D:2      | 2300 ||| Stepping randomly (stuck).
  2301 | D:2      | 2301 ||| Stepping randomly (stuck).
  2302 | D:2      | 2302 ||| Stepping randomly (stuck).
  2306 | D:2      | 2306 ||| Stepping randomly (stuck).
  2327 | D:2      | Gained mutation: Your magical nature lets you fly swiftly
                  | and evasively. [Tengu growth]
  2327 | D:2      | Reached XP level 5. HP: 21/30 MP: 9/9
  2504 | D:2      | 2504 ||| Stepping randomly (stuck).
  2569 | D:2      | 2569 ||| Stepping randomly (stuck).
  2570 | D:2      | 2570 ||| Stepping randomly (stuck).
  2571 | D:2      | 2571 ||| Stepping randomly (stuck).
  2572 | D:2      | 2572 ||| Stepping randomly (stuck).
  2574 | D:2      | 2574 ||| Stepping randomly (stuck).
  2575 | D:2      | 2575 ||| Stepping randomly (stuck).
  2577 | D:2      | 2577 ||| Stepping randomly (stuck).
  2578 | D:2      | 2578 ||| Stepping randomly (stuck).
  2579 | D:2      | 2579 ||| Stepping randomly (stuck).
  2580 | D:2      | 2580 ||| Stepping randomly (stuck).
  2581 | D:2      | 2581 ||| Stepping randomly (stuck).
  2582 | D:2      | 2582 ||| Stepping randomly (stuck).
  2583 | D:2      | 2583 ||| Stepping randomly (stuck).
  2584 | D:2      | 2584 ||| Stepping randomly (stuck).
  2585 | D:2      | 2585 ||| Stepping randomly (stuck).
  2586 | D:2      | 2586 ||| Stepping randomly (stuck).
  2587 | D:2      | 2587 ||| Stepping randomly (stuck).
  2588 | D:2      | 2588 ||| Stepping randomly (stuck).
  2589 | D:2      | 2589 ||| Stepping randomly (stuck).
  2590 | D:2      | 2590 ||| Stepping randomly (stuck).
  2591 | D:2      | 2591 ||| Stepping randomly (stuck).
  2592 | D:2      | 2592 ||| Stepping randomly (stuck).
  2593 | D:2      | 2593 ||| Stepping randomly (stuck).
  2594 | D:2      | 2594 ||| Stepping randomly (stuck).
  2595 | D:2      | 2595 ||| Stepping randomly (stuck).
  2600 | D:2      | Killed Natasha
  2601 | D:2      | Reached skill level 6 in Axes
  2603 | D:2      | 2603 ||| Stepping randomly (stuck).
  2604 | D:2      | 2604 ||| Stepping randomly (stuck).
  2605 | D:2      | 2605 ||| Stepping randomly (stuck).
  2607 | D:2      | 2607 ||| Stepping randomly (stuck).
  2623 | D:2      | 2623 ||| DROPPING +0 club.
  2684 | D:2      | Noticed Natasha
  2685 | D:2      | 2685 ||| Stepping ~*~*~tactically~*~*~ (hiding).
  2703 | D:2      | Killed Natasha
  2821 | D:2      | 2821 ||| Stepping ~*~*~tactically~*~*~ (stealth).
  2827 | D:2      | 2827 ||| Stepping ~*~*~tactically~*~*~ (stealth).
  2917 | D:2      | Noticed Terence
  2930 | D:2      | Killed Terence
  2931 | D:2      | Reached XP level 6. HP: 13/35 MP: 10/10
  3245 | D:2      | 3245 ||| Stepping ~*~*~tactically~*~*~ (stealth).
  3255 | D:2      | 3255 ||| Stepping ~*~*~tactically~*~*~ (stealth).
  3375 | D:2      | 3375 ||| DROPPING +0 whip.
  3420 | D:2      | Found an opulent altar of Gozag.
  3486 | D:2      | Noticed Natasha
  3487 | D:2      | 3487 ||| Stepping ~*~*~tactically~*~*~ (stealth).
  3494 | D:2      | Killed Natasha
  3495 | D:2      | Reached skill level 7 in Axes
  3611 | D:2      | 3611 ||| UPGRADING to +0 scale mail of positive energy.
  3621 | D:2      | 3621 ||| DROPPING +0 scale mail.
  3622 | D:2      | 3622 ||| UPGRADING to +6 ring of strength.
  3623 | D:2      | 3623 ||| READING scroll labelled ZYDAYTR WEASIURE.
  3624 | D:2      | 3624 ||| READING scroll labelled CUIZAWOMYL.
  3625 | D:2      | 3625 ||| Stepping randomly (stuck).
  3626 | D:2      | 3626 ||| Stepping ~*~*~tactically~*~*~ (cloud).
  3819 | D:3      | Noticed an ice beast
  3824 | D:3      | 3824 ||| STAIRDANCE
  3839 | D:3      | Killed an ice beast
  3840 | D:3      | Reached skill level 3 in Fighting
  3840 | D:3      | 3840 ||| STAIRDANCE
  3985 | D:3      | 3985 ||| Stepping ~*~*~tactically~*~*~ (hiding).
  3986 | D:3      | 3986 ||| Stepping ~*~*~tactically~*~*~ (hiding).
  3988 | D:3      | 3988 ||| Stepping ~*~*~tactically~*~*~ (hiding).
  4104 | D:3      | 4104 ||| Stepping ~*~*~tactically~*~*~ (stealth).
  4105 | D:3      | 4105 ||| Stepping ~*~*~tactically~*~*~ (stealth).
  4193 | D:3      | 4193 ||| Stepping ~*~*~tactically~*~*~ (stealth).
  4251 | D:3      | Noticed qw's ghost (amateur TeWr)
  4299 | D:3      | Noticed Sigmund
  4301 | D:3      | 4301 ||| Stepping ~*~*~tactically~*~*~ (hiding).
  4311 | D:3      | Killed Sigmund
  4312 | D:3      | Reached skill level 8 in Axes
  4312 | D:3      | Reached XP level 7. HP: 20/41 MP: 11/11
  4319 | D:3      | HP: 5/41 [orc priest/divine providence (12)]
  4432 | D:3      | 4432 ||| FLEEEEING.
  4433 | D:3      | 4433 ||| FLEEEEING.
  4434 | D:3      | 4434 ||| FLEEEEING.
  4437 | D:3      | 4437 ||| FLEEEEING.
  4438 | D:3      | 4438 ||| FLEEEEING.
  4439 | D:3      | 4439 ||| FLEEEEING.
  4440 | D:3      | 4440 ||| FLEEEEING.
  4441 | D:3      | 4441 ||| FLEEEEING.
  4442 | D:3      | 4442 ||| FLEEEEING.
  4448 | D:3      | 4448 ||| FLEEEEING.
  4449 | D:3      | 4449 ||| FLEEEEING.
  4450 | D:3      | 4450 ||| FLEEEEING.
  4451 | D:3      | 4451 ||| FLEEEEING.
  4463 | D:3      | 4463 ||| FLEEEEING.
  4464 | D:3      | 4464 ||| FLEEEEING.
  4465 | D:3      | 4465 ||| FLEEEEING.
  4466 | D:3      | 4466 ||| FLEEEEING.
  4467 | D:3      | 4467 ||| FLEEEEING.
  4468 | D:3      | 4468 ||| FLEEEEING.
  4473 | D:3      | 4473 ||| FLEEEEING.
  4477 | D:3      | 4477 ||| STAIRDANCE
  4566 | D:2      | 4566 ||| FLEEEEING.
  4567 | D:2      | 4567 ||| FLEEEEING.
  4569 | D:2      | 4569 ||| FLEEEEING.
  4570 | D:2      | 4570 ||| FLEEEEING.
  4572 | D:2      | 4572 ||| STAIRDANCE
  4613 | D:3      | 4613 ||| STAIRDANCE
  4619 | D:3      | 4619 ||| Stepping ~*~*~tactically~*~*~ (hiding).
  4620 | D:3      | 4620 ||| Stepping ~*~*~tactically~*~*~ (hiding).
  4622 | D:3      | 4622 ||| Stepping ~*~*~tactically~*~*~ (hiding).
  4623 | D:3      | 4623 ||| Stepping ~*~*~tactically~*~*~ (hiding).
  4624 | D:3      | 4624 ||| Stepping ~*~*~tactically~*~*~ (hiding).
  4625 | D:3      | 4625 ||| Stepping ~*~*~tactically~*~*~ (hiding).
  4662 | D:3      | 4662 ||| Stepping ~*~*~tactically~*~*~ (stealth).
  4664 | D:3      | 4664 ||| Stepping ~*~*~tactically~*~*~ (stealth).
  4736 | D:3      | 4736 ||| Stepping ~*~*~tactically~*~*~ (hiding).
  4859 | D:3      | 4859 ||| Stepping ~*~*~tactically~*~*~ (hiding).
  5371 | D:3      | Found a runed translucent door.
  5372 | D:3      | Noticed Crazy Yiuf
  5410 | D:3      | Found a runed translucent gate.
  5410 | D:3      | Found a runed translucent gate.
  5410 | D:3      | Found a runed translucent gate.
  5660 | D:3      | 5660 ||| READING 2 scrolls labelled CAMMASO WEZXA.
  5661 | D:3      | 5661 ||| READING scroll of enchant weapon.
  5661 | D:3      | 5661 ||| ENCHANTING +1 hand axe.
  5662 | D:3      | 5662 ||| READING scroll labelled IJOLORGHEDGHUO.
  5683 | D:3      | 5683 ||| READING 3 scrolls labelled IDDUCH IFENKO.
  5684 | D:3      | 5684 ||| DRINKING 3 cyan potions.
  5685 | D:3      | 5685 ||| READING 2 scrolls of identify.
  5685 | D:3      | 5685 ||| IDENTIFYING fuming black potion
  5686 | D:3      | 5686 ||| DROPPING 2 scrolls of magic mapping.
  5744 | D:4      | Found a staircase to the Ecumenical Temple.
  5745 | D:4      | 5745 ||| PLANNING TEMPLE
  5748 | D:4      | 5748 ||| Stepping ~*~*~tactically~*~*~ (stealth).
  5749 | D:4      | 5749 ||| Stepping ~*~*~tactically~*~*~ (stealth).
  5750 | D:4      | 5750 ||| Stepping ~*~*~tactically~*~*~ (stealth).
  5751 | D:4      | 5751 ||| Stepping ~*~*~tactically~*~*~ (stealth).
  5771 | Temple   | Entered the Ecumenical Temple
  5858 | Temple   | Became a worshipper of Warmaster Okawaru
  5973 | Temple   | 5973 ||| PLANNING D:1-11
  6017 | D:4      | Noticed Ijyb
  6029 | D:4      | Killed Ijyb
  6076 | D:4      | Found a white marble altar of Elyvilon.
  6079 | D:4      | Found a sparkling altar of Nemelex Xobeh.
  6085 | D:4      | 6085 ||| FLEEEEING.
  6086 | D:4      | 6086 ||| FLEEEEING.
  6087 | D:4      | 6087 ||| FLEEEEING.
  6088 | D:4      | 6088 ||| FLEEEEING.
  6092 | D:4      | 6092 ||| FLEEEEING.
  6093 | D:4      | 6093 ||| FLEEEEING.
  6094 | D:4      | 6094 ||| FLEEEEING.
  6105 | D:4      | 6105 ||| FLEEEEING.
  6106 | D:4      | 6106 ||| FLEEEEING.
  6107 | D:4      | 6107 ||| FLEEEEING.
  6108 | D:4      | 6108 ||| FLEEEEING.
  6109 | D:4      | 6109 ||| FLEEEEING.
  6110 | D:4      | 6110 ||| FLEEEEING.
  6111 | D:4      | 6111 ||| FLEEEEING.
  6112 | D:4      | 6112 ||| FLEEEEING.
  6113 | D:4      | 6113 ||| FLEEEEING.
  6116 | D:4      | 6116 ||| STAIRDANCE
  6288 | D:3      | 6288 ||| READING scroll labelled NOAJEASAMI.
  6289 | D:3      | 6289 ||| DRINKING 2 smoky grey potions.
  6289 | D:3      | Gained mutation: Your natural rate of healing is unusually
                  | fast. [potion of mutation]
  6289 | D:3      | Gained mutation: You are partially covered in iridescent
                  | scales. (AC +2) [potion of mutation]
  6289 | D:3      | Gained mutation: Your spells are a little harder to cast,
                  | but a little more powerful. [potion of mutation]
  6325 | D:4      | 6325 ||| Stepping ~*~*~tactically~*~*~ (stealth).
  6326 | D:4      | 6326 ||| Stepping ~*~*~tactically~*~*~ (stealth).
  6352 | D:4      | 6352 ||| Stepping ~*~*~tactically~*~*~ (stealth).
  6354 | D:4      | 6354 ||| Stepping ~*~*~tactically~*~*~ (stealth).
  6359 | D:4      | Reached skill level 9 in Axes
  6361 | D:4      | 6361 ||| Stepping ~*~*~tactically~*~*~ (stealth).
  6364 | D:4      | 6364 ||| Stepping ~*~*~tactically~*~*~ (stealth).
  6469 | D:4      | 6469 ||| Stepping ~*~*~tactically~*~*~ (hiding).
  6470 | D:4      | 6470 ||| Stepping ~*~*~tactically~*~*~ (stealth).
  6506 | D:4      | Reached skill level 3 in Dodging
  6506 | D:4      | Reached XP level 8. HP: 46/46 MP: 12/12
  6523 | D:4      | 6523 ||| Stepping ~*~*~tactically~*~*~ (stealth).
  6530 | D:4      | Reached * piety under Okawaru
  6549 | D:4      | 6549 ||| Stepping ~*~*~tactically~*~*~ (stealth).
  6570 | D:4      | 6570 ||| Stepping ~*~*~tactically~*~*~ (stealth).
  6603 | D:4      | 6603 ||| READING scroll labelled ALOACH PAUTS.
  6604 | D:4      | 6604 ||| INVOKING Heroism.
  6810 | D:4      | 6810 ||| Stepping ~*~*~tactically~*~*~ (stealth).
  6908 | D:4      | Found a hide-covered altar of Uskayaw.
  6909 | D:4      | Found a bloodstained altar of Trog.
  6909 | D:4      | Found a shimmering altar of Xom.
  6909 | D:4      | Found a basalt altar of Yredelemnul.
  6910 | D:4      | Found a blossoming altar of Fedhas.
  6911 | D:4      | Found a broken altar of Ashenzari.
  7056 | D:4      | 7056 ||| DRINKING 2 glowing white potions.
  7057 | D:4      | 7057 ||| DRINKING 2 viscous green potions.
  7162 | D:4      | 7162 ||| READING 2 scrolls of identify.
  7162 | D:4      | 7162 ||| IDENTIFYING silvery potion
  7163 | D:4      | 7163 ||| DROPPING potion of flight.
  7164 | D:4      | 7164 ||| DROPPING potion of degeneration.
  7165 | D:4      | 7165 ||| DROPPING potion of berserk rage.
  7168 | D:5      | Entered Level 5 of the Dungeon
  7413 | D:5      | Noticed Duvessa
  7413 | D:5      | Noticed Dowan
  7422 | D:5      | Killed Dowan
  7426 | D:5      | HP: 6/48 [Duvessa/+0 short sword (10)]
  7427 | D:5      | 7427 ||| READING 2 scrolls of teleportation.
  7427 | D:5      | Slain by Duvessa

Levels and vault maps discovered:
D:1:      minmay_arrival_split_and_join, layout_loops_ring, minmay_pentomino_p4
D:2:      minmay_razor_zed, layout_basic, shapermc_ecumenical_altar_notcrosses,
          basic_altar, serial_co_window_serial, co_window_of_opportunity_a,
          co_window_corner_a, co_window_corner_a, co_window_corner_a,
          co_window_paths_b, co_window_corner_b, co_window_broadway_a,
          co_window_cross_2, co_window_cross_2, co_window_cross_2,
          co_window_corner_b, glass_columns_b, glass_columns_b, uniq_jessica,
          uniq_terence, uniq_natasha
D:3:      layout_basic, gammafunk_ghost_icy, minmay_misc_feat_rows,
          supply_closet_lemuel, uniq_crazy_yiuf_cottage, uniq_sigmund
D:4:      minmay_inner_zag, layout_basic, minitemple, minmay_temple_entry_tees,
          uniq_ijyb
D:5:      minmay_goblin_kobold_castle, layout_basic,
          mainiacjoe_overflow_six_doors_small, uniq_blork_the_orc,
          uniq_menkaure, uniq_duvessa
Temple:   oiseaux_autumnal_temple

Skill      XL: |  1  2  3  4  5  6  7 |
---------------+----------------------+-----
Axes           | 3 5 6 8 9 |  9.1
Fighting       | 3 |  3.9
Dodging        | 3 |  3.4
Throwing       | |  1.0
Armour         | |  1.1
Spellcasting   | |  2.0
Translocations | |  2.4
Invocations    | |  0.8

Action                   |  1- 3 |  4- 6 |  7- 9 || total
-------------------------+-------+-------+-------++-------
Melee: Hand axe          |    61 |   146 |   150 ||   357
       Kick              |    16 |    46 |    41 ||   103
       Peck              |     6 |    30 |    25 ||    61
       Punch             |       |       |     1 ||     1
Throw: Boomerang         |    47 |    10 |     4 ||    61
Invok: Heroism           |       |       |     1 ||     1
  Use: Scroll            |     3 |     3 |     9 ||    15
       Potion            |     1 |       |     4 ||     5
Armor: Leather armour    |     9 |       |       ||     9
       Scale mail        |    12 |    47 |    37 ||    96
Dodge: Dodged            |    21 |    52 |    69 ||   142

Table legend:
 A = Non-vault XP
 B = Vault XP
 C = Vault XP percentage of total XP
 D = Non-vault monster count
 E = Vault monster count
 F = Vault count percentage of total count
                 A         B        C        D         E       F
            +---------+---------+-------+---------+---------+-------
      Total |     766 |     649 |  45.9 |     109 |      26 |  19.3
            +---------+---------+-------+---------+---------+-------
        D:1 |      38 |       5 |  11.6 |      26 |       3 |  10.3
        D:2 |     209 |     140 |  40.1 |      28 |      12 |  30.0
        D:3 |     313 |     214 |  40.6 |      29 |       1 |   3.3
        D:4 |     189 |     223 |  54.1 |      24 |       6 |  20.0
        D:5 |      17 |      67 |  79.8 |       2 |       4 |  66.7
            +---------+---------+-------+---------+---------+-------
